[Event "Titled Tuesday Blitz August 3 2021"]
[White "Alavkin, Arseny"]
[Black "Vokhidov, Shamsiddin"]
[WhiteFideId "4120612"]
[BlackFideId "14204223"]
[WhiteElo "2401"]
[BlackElo "2572"]
[Result "1/2-1/2"]
[Round "07"]
[TimeControl "180+1"]
[Date "2021.08.03"]
[WhiteClock "0:00:13"]
[BlackClock "0:00:11"]

1. d4 Nf6 2. Bf4 b6 3. e3 Bb7 4. Nf3 g6 5. Be2 Bg7 6. O-O d6 7. h3 O-O 8. a4 a6 9. a5 b5 10. c4 bxc4 11. Bxc4 Nbd7 12. Nc3 c5 13. Re1 Ne4 14. Nxe4 Bxe4 15. Bd3 Bxf3 16. Qxf3 cxd4 17. exd4 Bxd4 18. Ra2 Nc5 19. Bf1 Rb8 20. Bg5 Ne6 21. Bh6 Bg7 22. Bxg7 Nxg7 23. Bxa6 Ra8 24. Qd3 Ne6 25. b4 Nf4 26. Qf1 e5 27. Bb7 Rb8 28. a6 Qb6 29. b5 Ne6 30. Rd1 Nd4 31. Rxd4 exd4 32. Bc6 Qa7 33. Qc4 Rfc8 34. Qd5 Rd8 35. Rd2 Rbc8 36. Qxd4 Qe7 37. Qd5 Rb8 38. Rd3 Qa7 39. Qd4 Rb6 40. Qd5 Qc7 41. Rc3 Qe7 42. Re3 Qc7 43. h4 h5 44. Rg3 Kg7 45. Rf3 Qe7 46. Rxf7+ Qxf7 47. Qd4+ Qf6 48. Qxb6 Rf8 49. Qe3 Qxh4 50. a7 Qa4 51. Qc3+ Kh7 52. b6 Qd1+ 53. Kh2 Qg4 54. a8=Q Qh4+ 55. Kg1 Qxf2+ 56. Kh2 Rxa8 57. Bxa8 Qxb6 58. Bf3 Qd8 59. Qd4 Qe7 60. Kg3 Qg5+ 61. Kf2 Qe7 62. Qe3 Qf6 63. Qd3 Qe5 64. Qd5 Qf6 65. Ke3 Qe7+ 66. Be4 Kg7 67. Qd4+ Kh7 68. Qd5 Kg7 69. Kd4 Qa7+ 70. Kc4 Qa4+ 71. Kd3 Qa6+ 72. Qc4 Qa3+ 73. Qc3+ Qxc3+ 74. Kxc3 Kf6 75. Kd4 g5 76. Kd5 g4 77. Kxd6 h4 78. Kd5 Kg5 79. Ke5 g3 80. Bf3 h3 81. gxh3 Kh4 82. Bg2 Kg5 83. Ke4 Kh6 84. Kf3 Kh7 85. Kxg3 Kh8 86. h4 Kg8 87. Kh3 Kh8 88. Kg4 Kg8 89. Kh3 Kh8 90. h5 Kg8 91. h6 Kh8 92. h7 Kxh7 1/2-1/2


[Site "https://www.chess.com"]

[Event "Titled Tuesday Blitz August 3 2021"]
[White "Al-Tarboush, Ward"]
[Black "Madaminov, Mukhiddin"]
[WhiteFideId "7601450"]
[BlackFideId "14210703"]
[WhiteElo "2319"]
[BlackElo "1747"]
[Result "1-0"]
[Round "07"]
[TimeControl "180+1"]
[Date "2021.08.03"]
[WhiteClock "0:00:21"]
[BlackClock "0:01:12"]

1. d4 Nf6 2. Nf3 e6 3. Nc3 b6 4. e4 d5 5. exd5 Nxd5 6. Nxd5 Qxd5 7. Be3 Bb7 8. Bd3 Be7 9. O-O O-O 10. c4 Qd8 11. Ne5 Nd7 12. Qh5 Nf6 13. Qh4 h6 14. Bxh6 gxh6 15. Qxh6 Be4 16. Qg5+ Kh7 17. Qh4+ Kg7 18. Bxe4 Rh8 19. Qg3+ Kf8 20. Bxa8 Qxa8 21. d5 exd5 22. cxd5 Qxd5 23. Rad1 Qa8 24. Qf4 Qe4 25. Nd7+ Kg7 26. Qxe4 Nxe4 27. Rfe1 f5 28. f3 Bb4 29. fxe4 Bxe1 30. Rxe1 Rd8 31. Ne5 Rd2 32. exf5 Rxb2 33. Ng4 Kf7 34. Rd1 Ke7 35. f6+ Ke6 36. Re1+ Kf7 37. Re7+ Kf8 38. Ne5 1-0


[Site "https://www.chess.com"]

[Event "Titled Tuesday Blitz August 3 2021"]
[White "Andreikin, Dmitry"]
[Black "Martinez Alcantara, Jose Eduardo"]
[WhiteFideId "4158814"]
[BlackFideId "3805662"]
[WhiteElo "2782"]
[BlackElo "2690"]
[Result "1-0"]
[Round "07"]
[TimeControl "180+1"]
[Date "2021.08.03"]
[WhiteClock "0:00:06"]
[BlackClock "0:00:02"]

1. Nf3 c5 2. e3 Nf6 3. d4 e6 4. c4 d5 5. cxd5 Nxd5 6. e4 Nf6 7. Nc3 cxd4 8. Qxd4 Qxd4 9. Nxd4 a6 10. f3 Bb4 11. Be3 Bd7 12. O-O-O Nc6 13. Nc2 Be7 14. Be2 Rc8 15. Kb1 Nb4 16. Rd2 Nxc2 17. Rxc2 Bc5 18. Bf4 Bc6 19. Rd1 h6 20. a3 O-O 21. Rcd2 Be7 22. b4 Rfd8 23. Kb2 Rxd2+ 24. Rxd2 Nd7 25. Be3 g5 26. Bd4 Bf6 27. a4 Bxd4 28. Rxd4 Ne5 29. Kb3 Kf8 30. b5 axb5 31. axb5 Be8 32. Ra4 Ke7 33. Ra7 Rb8 34. Kb4 Kd6 35. Na4 Bd7 36. g3 f5 37. f4 gxf4 38. gxf4 Ng6 39. e5+ Kc7 40. b6+ Kd8 41. Nc5 Nxf4 42. Nxb7+ Ke8 43. Nd6+ Kd8 44. Nb7+ Ke8 45. Bf3 Nd3+ 46. Kc3 Nxe5 47. Bh5+ Kf8 48. Nc5 Ke7 49. b7 Nc6 50. Ra8 Kd6 51. Bf3 Kxc5 52. Bxc6 Kxc6 53. Rxb8 Kc7 54. Rd8 1-0


[Site "https://www.chess.com"]

[Event "Titled Tuesday Blitz August 3 2021"]
[White "Anuj Shrivatri"]
[Black "Ataman, Alper Efe"]
[WhiteFideId "35070924"]
[BlackFideId "6301606"]
[WhiteElo "2038"]
[BlackElo "2023"]
[Result "1-0"]
[Round "07"]
[TimeControl "180+1"]
[Date "2021.08.03"]
[WhiteClock "0:00:15"]
[BlackClock "0:00:40"]

1. c4 e6 2. g3 d5 3. Bg2 Nf6 4. Nf3 Be7 5. O-O O-O 6. d4 dxc4 7. Qc2 a6 8. a4 Bd7 9. Rd1 Bc6 10. Bg5 Nbd7 11. Nbd2 b5 12. b3 Nd5 13. Bxe7 Qxe7 14. bxc4 Nb4 15. Qc3 bxa4 16. e4 e5 17. d5 Bb7 18. Rxa4 a5 19. Nb3 Nc5 20. Nxc5 Qxc5 21. Nxe5 Rfd8 22. Qd4 Na6 23. Ra2 Qxd4 24. Rxd4 Nc5 25. Rdd2 f6 26. Nd3 Nb3 27. Rdb2 a4 28. Bf3 Bc8 29. Bd1 Nd4 30. Rxa4 Rxa4 31. Bxa4 Bh3 32. f4 Ra8 33. Ra2 Rb8 34. Bb5 Nxb5 35. Rb2 Bd7 36. Nc5 Be8 37. Ne6 c6 38. d6 Ra8 39. cxb5 cxb5 40. Rd2 Kf7 41. Nd4 Bd7 42. Rc2 Ra7 43. e5 fxe5 44. fxe5 Be6 45. Rf2+ Kg6 46. Nxe6 b4 47. d7 Ra1+ 48. Rf1 Ra8 49. d8=Q Rxd8 50. Nxd8 1-0


[Site "https://www.chess.com"]

[Event "Titled Tuesday Blitz August 3 2021"]
[White "AshotParvanyan"]
[Black "Baches Garcia, Guillermo"]
[BlackFideId "2209764"]
[WhiteElo "2531"]
[BlackElo "2410"]
[Result "0-1"]
[Round "07"]
[TimeControl "180+1"]
[Date "2021.08.03"]
[WhiteClock "0:00:02"]
[BlackClock "0:00:15"]

1. e4 c5 2. Nf3 d6 3. d4 cxd4 4. Nxd4 Nf6 5. Nc3 Nc6 6. Bc4 Bd7 7. Be3 Ng4 8. Nxc6 bxc6 9. Bc1 g6 10. O-O Bg7 11. Be2 Nf6 12. f4 Qc7 13. f5 O-O 14. Qe1 d5 15. fxg6 hxg6 16. Qh4 Nxe4 17. Nxe4 dxe4 18. Qxe4 Bf5 19. Qc4 Be6 20. Qh4 Qe5 21. Bd3 Qd4+ 22. Qxd4 Bxd4+ 23. Kh1 Kg7 24. c3 Be5 25. Be4 Rh8 26. h3 Bd5 27. Bxd5 cxd5 28. Be3 a5 29. Rad1 e6 30. Bd4 Bxd4 31. Rxd4 Rhb8 32. b3 a4 33. b4 Rc8 34. Rf3 Rc6 35. Kg1 Rac8 36. Rdd3 Rc4 37. a3 f5 38. Kf2 Kf6 39. Ke2 Rd8 40. Kd2 e5 41. Rf1 d4 42. cxd4 Rdxd4 43. Rxd4 Rxd4+ 44. Kc3 Rd5 45. Kc4 Rd2 46. g4 e4 47. gxf5 gxf5 48. b5 e3 49. b6 Rb2 50. Kc5 Ke5 51. h4 f4 52. h5 e2 53. Rh1 f3 54. h6 Rc2+ 55. Kb5 Rc8 56. b7 Rb8 57. Kc6 f2 58. h7 f1=Q 59. h8=Q+ Rxh8 60. Rxh8 Qf3+ 61. Kb6 Qb3+ 62. Ka7 Qe3+ 63. Ka8 e1=Q 64. Re8+ Kf4 65. b8=Q+ Kf3 66. Rxe3+ Qxe3 67. Qb7+ Ke2 68. Qb4 Qb3 0-1


[Site "https://www.chess.com"]

[Event "Titled Tuesday Blitz August 3 2021"]
[White "Ballester Llagaria, Luis Eduardo"]
[Black "Coto Mederos, Michel"]
[WhiteFideId "2297620"]
[BlackFideId "3508528"]
[WhiteElo "2344"]
[BlackElo "2427"]
[Result "1/2-1/2"]
[Round "07"]
[TimeControl "180+1"]
[Date "2021.08.03"]
[WhiteClock "0:00:13"]
[BlackClock "0:00:19"]

1. e4 e5 2. Nf3 Nf6 3. d4 Nxe4 4. Bd3 d5 5. Nxe5 Bd6 6. O-O Nd7 7. Nc3 Nxc3 8. bxc3 O-O 9. Re1 c5 10. Qf3 c4 11. Bf1 Nb6 12. Bf4 Be6 13. Qg3 Bxe5 14. Bxe5 f6 15. Bf4 Qd7 16. a4 Rfe8 17. a5 Nc8 18. a6 b5 19. h4 Ne7 20. h5 Nf5 21. Qf3 Bf7 22. g3 Rxe1 23. Rxe1 Re8 24. Rxe8+ Qxe8 25. Bh3 Ne7 26. h6 g6 27. Bb8 f5 28. Bxa7 Nc6 29. Bc5 Qa8 30. Qf4 Qxa6 31. Qd6 Qc8 32. g4 Qe6 33. gxf5 Qxd6 34. Bxd6 gxf5 35. Bxf5 Nd8 36. Bd7 Be6 37. Bxb5 Kf7 38. Bc5 Kg6 39. Kg2 Kxh6 40. Be7 Nf7 41. Bc5 Kg6 42. Kf3 Ng5+ 43. Kf4 Bf5 44. Ke5 Be4 45. Bc6 Nf3+ 46. Kd6 h5 47. Bxd5 Bxd5 48. Kxd5 Kf5 49. Bd6 h4 50. Kxc4 h3 51. d5 Nd2+ 52. Kd3 Ne4 53. Bh2 Nxf2+ 54. Ke2 Ng4 55. Bg3 h2 56. Bxh2 Nxh2 57. Kd3 Ke5 58. c4 Ng4 59. Kc3 Nf6 60. Kb4 Kd6 61. Kb5 Nd7 62. c3 Nc5 63. Kb6 Nd7+ 64. Kb5 Nc5 65. Kb6 Nd7+ 66. Kb7 Nc5+ 67. Kc8 Nd7 68. Kd8 Nc5 69. Kc8 Nd7 70. Kb7 Nc5+ 71. Ka7 Nd7 72. Ka6 Nc5+ 73. Kb5 Nd7 74. Ka6 1/2-1/2


[Site "https://www.chess.com"]

[Event "Titled Tuesday Blitz August 3 2021"]
[White "Bazarov, Konstantin"]
[Black "Najdin, Danil"]
[WhiteFideId "4137000"]
[BlackFideId "4172426"]
[WhiteElo "2190"]
[BlackElo "2193"]
[Result "0-1"]
[Round "07"]
[TimeControl "180+1"]
[Date "2021.08.03"]
[WhiteClock "0:00:07"]
[BlackClock "0:00:09"]

1. Nf3 Nf6 2. d3 g6 3. c3 Bg7 4. e4 d6 5. Nbd2 O-O 6. Be2 e5 7. O-O c5 8. d4 exd4 9. cxd4 Nc6 10. d5 Ne7 11. Qc2 Bg4 12. a4 Nd7 13. Re1 f5 14. h3 Bxf3 15. Bxf3 Ne5 16. Be2 Qa5 17. f4 Nd7 18. Rf1 fxe4 19. Nxe4 Nf5 20. Bd2 Qc7 21. Bg4 Nd4 22. Qd1 Rae8 23. Nc3 Nf6 24. Bf3 Nxf3+ 25. Qxf3 Qb6 26. Rab1 Qb3 27. Kh2 Qc2 28. Rfd1 Ne4 29. Be1 Nxc3 30. bxc3 b6 31. Rdc1 Qxa4 32. Ra1 Qd7 33. Bg3 Rf7 34. Qd3 b5 35. Ra6 c4 36. Qd2 Rfe7 37. Qf2 b4 38. cxb4 c3 39. Rc6 Re2 40. Qf3 Qf5 41. Rxd6 R8e3 42. Qg4 Qxg4 43. hxg4 c2 44. Rc6 Rd3 45. R1xc2 Rxc2 46. Rxc2 Rxd5 47. Rc5 Rd2 48. Rc8+ Kf7 49. Rc7+ Kf8 50. Rxa7 Rb2 51. Rb7 Kg8 52. b5 Bc3 53. Bh4 Bd4 54. f5 gxf5 55. gxf5 Rb3 56. Bg3 h5 57. Bh4 Be5+ 58. g3 Rb2+ 59. Kg1 Bd4+ 60. Kf1 Rf2+ 61. Ke1 Rxf5 62. Ke2 Rf7 63. Kd3 Rxb7 64. Kxd4 Rxb5 65. Ke4 Kf7 66. Kf4 Kg6 67. Ke4 Rb4+ 68. Kf3 Ra4 69. Ke3 Kf5 70. Kf3 Ra3+ 71. Kf2 Kg4 72. Kg1 Ra2 73. Kf1 Kf3 74. Ke1 Kg2 75. Kd1 Rf2 76. Ke1 Rf3 77. Ke2 Rf1 78. Ke3 Ra1 79. Ke2 Ra3 80. Ke1 Rb3 81. Ke2 Kh2 82. Kf2 Kh3 83. Ke2 Kg4 84. Kf2 Rb2+ 85. Ke1 Kf3 86. Kd1 Re2 87. Kc1 Ke3 88. Kd1 Kd3 89. Kc1 Rd2 90. Kb1 Kc3 91. Kc1 Rd3 92. Bf6+ Kb3 93. Bh4 Rd5 94. Bf6 Rd6 95. Bg5 Rd5 96. Bf4 Rd3 97. Be5 Re3 98. Bf4 Re2 99. Kd1 Rc2 100. Be5 Ra2 101. Bf4 Kc4 102. Ke1 Kd3 103. Kf1 Ke4 104. Ke1 Kf3 105. Bd6 Ra1+ 106. Kd2 Rg1 107. Kd3 Rxg3 108. Bxg3 Kxg3 109. Ke2 Kg2 110. Ke3 h4 111. Kf4 h3 112. Kg4 h2 113. Kg5 h1=Q 114. Kg4 Qf1 115. Kg5 Qf3 0-1


[Site "https://www.chess.com"]

[Event "Titled Tuesday Blitz August 3 2021"]
[White "Begunov, Konstantin"]
[Black "Arabidze, Meri"]
[WhiteFideId "4118510"]
[BlackFideId "13604040"]
[WhiteElo "2262"]
[BlackElo "2432"]
[Result "1-0"]
[Round "07"]
[TimeControl "180+1"]
[Date "2021.08.03"]
[WhiteClock "0:00:16"]
[BlackClock "0:00:01"]

1. d4 d5 2. c4 e6 3. Nc3 Nf6 4. cxd5 exd5 5. Bg5 Be7 6. e3 c6 7. Qc2 Nbd7 8. Bd3 Nf8 9. Nf3 Ne6 10. Bh4 g6 11. O-O O-O 12. Rab1 Ng7 13. b4 a6 14. a4 Bf5 15. b5 axb5 16. axb5 Bxd3 17. Qxd3 Nf5 18. Bxf6 Bxf6 19. bxc6 bxc6 20. Qc2 Nd6 21. Nd2 Ra3 22. Na4 Qa8 23. Nb6 Ra2 24. Qc5 Qd8 25. Nf3 Ne4 26. Qxc6 Bh4 27. g3 Bf6 28. Nd7 Re8 29. Qxd5 Nc3 30. Nxf6+ Qxf6 31. Qb3 Rc8 32. Kg2 Raa8 33. Rb2 Kg7 34. Ne5 Ne4 35. Qd5 Ng5 36. h4 Ne6 37. Rb7 Rf8 38. Rfb1 Rad8 39. Qf3 Qxf3+ 40. Kxf3 h5 41. Kg2 Kg8 42. R1b6 Ng7 43. g4 hxg4 44. Nxg4 Nh5 45. Kf3 Kg7 46. Ne5 Rd5 47. Rxg6+ Kh7 48. Rg5 Ng7 49. Ke2 Ne6 50. Rf5 Kg7 51. Rfxf7+ Rxf7 52. Rxf7+ Kg8 53. Rf6 Nc7 54. h5 Ra5 55. h6 Ra2+ 56. Kf3 Nd5 57. Rf5 Kh7 58. Ng4 Nc3 59. Rf7+ Kg6 60. Rg7+ Kh5 61. h7 Ra8 62. Rg8 1-0


[Site "https://www.chess.com"]

[Event "Titled Tuesday Blitz August 3 2021"]
[White "Boraso, Alessio"]
[Black "Rodrigue-Lemieux, Shawn"]
[WhiteFideId "848077"]
[BlackFideId "2620049"]
[WhiteElo "2277"]
[BlackElo "1763"]
[Result "1-0"]
[Round "07"]
[TimeControl "180+1"]
[Date "2021.08.03"]
[WhiteClock "0:00:26"]
[BlackClock "0:00:01"]

1. c4 Nf6 2. g3 e6 3. Bg2 d5 4. Nf3 Be7 5. O-O O-O 6. b3 b6 7. Bb2 Bb7 8. e3 Nbd7 9. Nc3 c5 10. cxd5 Nxd5 11. Nxd5 Bxd5 12. d4 Qc8 13. Rc1 Qb7 14. Ne1 Bxg2 15. Nxg2 Rfd8 16. Qe2 Rac8 17. Nf4 cxd4 18. exd4 Nf6 19. Rxc8 Rxc8 20. Rc1 Rxc1+ 21. Bxc1 Nd5 22. Nxd5 Qxd5 23. Qc4 f5 24. Qxd5 exd5 25. Bf4 Kf7 26. Be5 g6 27. Kf1 Ke6 28. Ke2 b5 29. Kd3 Bb4 30. f3 a6 31. h3 h5 32. Ke2 Bc3 33. Kf2 Kd7 34. Ke3 Bb4 35. Kd3 Be1 36. Ke3 Ke6 37. Ke2 Ba5 38. Kd3 Bd8 39. Ke3 Bg5+ 40. Ke2 Kd7 41. Kd3 Kc6 42. Kc3 Bh6 43. Kd3 Kd7 44. Ke2 Kc8 45. Kd3 Kb7 46. Kc3 Ka7 47. Kd3 Kb6 48. Kc3 Bf8 49. Kd3 Ba3 50. Ke3 Kc6 51. Kd3 Kb7 52. Kc3 Bf8 53. Kd3 Kc8 54. Ke3 Kd8 55. Bf6+ Kd7 56. Kf4 Ke6 57. Kg5 Kf7 58. g4 fxg4 59. fxg4 Bb4 60. Be5 Bd2+ 61. Bf4 Bxf4+ 62. Kxf4 Kf6 63. gxh5 gxh5 64. b4 Kg6 65. h4 Kf6 66. a3 Ke6 67. Kg5 1-0


[Site "https://www.chess.com"]

[Event "Titled Tuesday Blitz August 3 2021"]
[White "Bortnyk, Olexandr"]
[Black "Jacobson, Brandon"]
[WhiteFideId "14120828"]
[BlackFideId "30901561"]
[WhiteElo "2723"]
[BlackElo "2362"]
[Result "1-0"]
[Round "07"]
[TimeControl "180+1"]
[Date "2021.08.03"]
[WhiteClock "0:00:48"]
[BlackClock "0:00:05"]

1. e4 e5 2. Bc4 Nf6 3. d3 Nc6 4. Nc3 Na5 5. Bg5 c6 6. f4 Nxc4 7. dxc4 Qa5 8. Qd3 Bb4 9. Ne2 exf4 10. Bxf6 gxf6 11. O-O Qe5 12. Rxf4 Rg8 13. Raf1 Rg6 14. Rf5 Qe7 15. Nf4 Rg5 16. Nfd5 cxd5 17. Nxd5 Rxf5 18. Rxf5 Bc5+ 19. Kh1 Qd6 20. Rxf6 Qe5 21. Rf5 Qxb2 22. Nc7+ Ke7 23. Nxa8 d6 24. Rf1 Qd4 25. Qxd4 Bxd4 26. Nc7 Be5 27. Nd5+ Kf8 28. g3 b6 29. Kg2 Ba6 30. Ne3 Bd4 31. Kf3 Bb7 32. Rd1 Bc5 33. Nf5 1-0


[Site "https://www.chess.com"]

[Event "Titled Tuesday Blitz August 3 2021"]
[White "Brunner, Nicolas"]
[Black "Krivonosov, Oleg"]
[WhiteFideId "620246"]
[BlackFideId "11600349"]
[WhiteElo "2372"]
[BlackElo "2469"]
[Result "0-1"]
[Round "07"]
[TimeControl "180+1"]
[Date "2021.08.03"]
[WhiteClock "0:01:46"]
[BlackClock "0:01:43"]

1. d4 d5 2. c4 e6 3. Nf3 Nf6 4. g3 Be7 5. Bg2 O-O 6. O-O Nbd7 7. Qc2 c6 8. Nbd2 b6 9. e4 dxc4 10. Nxc4 Bb7 11. Rd1 c5 12. e5 Nd5 13. h4 h6 14. b3 Rc8 15. Qe2 Nc3 16. Qe1 Nxd1 17. Qxd1 b5 18. Nd6 Bxd6 19. exd6 Nf6 20. Bf4 Nd5 21. dxc5 Nxf4 22. gxf4 Rxc5 23. Qd4 Qb6 24. Ne5 0-1


[Site "https://www.chess.com"]

[Event "Titled Tuesday Blitz August 3 2021"]
[White "Costachi, Mihnea"]
[Black "Goltsev, Dmitry"]
[WhiteFideId "1217518"]
[BlackFideId "24176710"]
[WhiteElo "2482"]
[BlackElo "2366"]
[Result "1-0"]
[Round "07"]
[TimeControl "180+1"]
[Date "2021.08.03"]
[WhiteClock "0:01:02"]
[BlackClock "0:00:03"]

1. d4 Nf6 2. c4 e6 3. Nf3 Bb4+ 4. Bd2 Qe7 5. g3 Ne4 6. Bg2 b6 7. O-O Nxd2 8. Nfxd2 c6 9. Ne4 f5 10. a3 fxe4 11. axb4 d5 12. b5 Bb7 13. bxc6 Nxc6 14. Nc3 Nb4 15. cxd5 exd5 16. f3 e3 17. f4 O-O 18. Qb3 Rfd8 19. Nd1 Re8 20. Rf3 a5 21. Rxe3 Qf6 22. Re5 Rac8 23. Nc3 Qd6 24. e4 Rxe5 25. fxe5 Qh6 26. Nxd5 Rc1+ 27. Rxc1 Qxc1+ 28. Bf1 Kh8 29. Nxb4 axb4 30. e6 Bxe4 31. e7 Bg6 32. Qf3 h5 33. Qf8+ Kh7 34. e8=Q Bxe8 35. Qxe8 h4 36. Qh5+ Kg8 37. Qe8+ Kh7 38. gxh4 g6 39. Qe7+ Kh6 40. Qg5+ Qxg5+ 41. hxg5+ Kxg5 42. d5 Kf6 43. Kf2 Ke5 44. Bg2 g5 45. Kg3 Kd6 46. Kg4 Kc5 47. Kxg5 Kc4 48. d6 Kb3 49. d7 b5 50. d8=Q Kxb2 51. Qd3 b3 52. Bd5 b4 53. Qxb3+ Kc1 54. Qa2 Kd1 55. Bc4 Kc1 56. Bd3 b3 57. Qxb3 Kd2 58. Be4 Ke1 59. Qc2 Kf1 60. Bf3 Kg1 61. Qg2# 1-0


[Site "https://www.chess.com"]

[Event "Titled Tuesday Blitz August 3 2021"]
[White "Cunjalo, Faris"]
[Black "Iskusnyh, Sergei"]
[WhiteFideId "14410710"]
[BlackFideId "4120027"]
[WhiteElo "2234"]
[BlackElo "2492"]
[Result "1-0"]
[Round "07"]
[TimeControl "180+1"]
[Date "2021.08.03"]
[WhiteClock "0:00:04"]
[BlackClock "0:00:01"]

1. d4 d5 2. c4 e6 3. Nf3 dxc4 4. e3 Nf6 5. Bxc4 a6 6. Nc3 b5 7. Be2 Bb7 8. O-O Nbd7 9. a4 b4 10. Nb1 c5 11. Nbd2 Be7 12. Nc4 O-O 13. Bd2 Ne4 14. Rc1 a5 15. b3 Qb8 16. Qc2 Rc8 17. Rfd1 Nxd2 18. Qxd2 cxd4 19. Nxd4 Bd5 20. Bf3 Nc5 21. Bxd5 exd5 22. Nf5 Bf8 23. Qxd5 Nxb3 24. Ne5 Rxc1 25. Rxc1 Nxc1 26. Nxf7 Bc5 27. N7d6+ Kh8 28. Qxc5 Ne2+ 29. Kf1 Nc3 30. Qc4 h6 31. Nf7+ Kh7 32. Qd3 Kg8 33. N7d6 Qd8 34. g4 Qf6 35. Qc4+ Kh7 36. h4 Rd8 37. Qd3 b3 38. g5 hxg5 39. hxg5 Qg6 40. Qxc3 Rxd6 41. Nxd6 Qxd6 42. Qxb3 Qa6+ 43. Kg2 Qc6+ 44. Kg3 Qd6+ 45. f4 Qd2 46. Kf3 Qe1 47. Qd3+ Kg8 48. Qd5+ Kh7 49. Qf5+ Kg8 50. Qc8+ Kh7 51. Qc2+ Kg8 52. g6 Qf1+ 53. Ke4 Qh1+ 54. Ke5 Qh5+ 55. Ke6 Qg4+ 56. f5 1-0


[Site "https://www.chess.com"]

[Event "Titled Tuesday Blitz August 3 2021"]
[White "Dev, Shah"]
[Black "Moon_stone123"]
[WhiteFideId "35019058"]
[WhiteElo "2098"]
[BlackElo "2416"]
[Result "0-1"]
[Round "07"]
[TimeControl "180+1"]
[Date "2021.08.03"]
[WhiteClock "0:00:09"]
[BlackClock "0:00:19"]

1. d4 d5 2. c4 dxc4 3. Nc3 e5 4. dxe5 Qxd1+ 5. Nxd1 Nc6 6. Nf3 Be6 7. e4 O-O-O 8. Ne3 Bb4+ 9. Bd2 Bxd2+ 10. Nxd2 Nxe5 11. Ndxc4 Nxc4 12. Bxc4 Bxc4 13. Nxc4 Ne7 14. f3 Rd4 15. Ne3 Rhd8 16. Rd1 Rxd1+ 17. Nxd1 f5 18. Nc3 fxe4 19. Nxe4 Nf5 20. Kf2 Nd6 21. Nc3 Nc4 22. b3 Rd2+ 23. Kg3 Ne3 24. Re1 Rxg2+ 25. Kh3 Nc2 26. Rc1 Ne3 27. Re1 Nc2 28. Re8+ Kd7 29. Rb8 Ne3 30. Rxb7 Rc2 31. Ne4 Rxa2 32. Ng3 a5 33. Rb5 Kc6 34. Re5 Nd5 35. Ne4 Nf4+ 36. Kg4 Ng6 37. Re6+ Kd7 38. Nc5+ Kd8 39. Nb7+ Kd7 40. Nc5+ Kd8 41. Nb7+ Kc8 42. Nc5 Kb8 43. Nd7+ Ka7 44. Nc5 Rxh2 45. Ra6+ Kb8 46. Nd7+ Kb7 47. Nc5+ Kb8 48. Nd7+ Kc8 49. Nc5 Kd8 50. Ne6+ Kd7 51. Nxg7 Rg2+ 52. Kf5 Nh4+ 53. Kf6 Rg6+ 54. Kf7 Rxa6 55. Nh5 Rb6 56. Nf6+ Kc8 57. Ne4 Nxf3 58. Nc5 Ne5+ 59. Ke7 Nc6+ 60. Ke8 Rb5 61. Ne6 Rxb3 62. Nxc7 Kxc7 63. Kf7 a4 64. Ke8 a3 65. Kf7 a2 66. Ke8 a1=Q 67. Kf7 Qe5 68. Kg8 Rg3+ 69. Kf7 Qe7# 0-1


[Site "https://www.chess.com"]

[Event "Titled Tuesday Blitz August 3 2021"]
[White "Devaev, Alexander"]
[Black "Piesik, Piotr"]
[WhiteFideId "4169395"]
[BlackFideId "1136194"]
[WhiteElo "2185"]
[BlackElo "2354"]
[Result "0-1"]
[Round "07"]
[TimeControl "180+1"]
[Date "2021.08.03"]
[WhiteClock "0:00:37"]
[BlackClock "0:02:09"]

1. d4 c5 2. d5 e5 3. c4 d6 4. Nc3 Be7 5. h3 Bg5 6. e3 f5 7. Nf3 Bh6 8. Be2 Nf6 9. Nh4 O-O 10. Bd2 Ne4 11. Nf3 Nxd2 12. Nxd2 e4 13. Qc2 Nd7 14. O-O-O Ne5 15. Kb1 a6 16. Rdg1 b5 17. g4 f4 18. g5 Bxg5 19. Ndxe4 Bh6 20. h4 Bf5 21. Bg4 Nxg4 22. Rxg4 Bxg4 23. Ng5 Bxg5 24. e4 Bf6 0-1


[Site "https://www.chess.com"]

[Event "Titled Tuesday Blitz August 3 2021"]
[White "Dvirnyy, Danyyil"]
[Black "Bluebaum, Matthias"]
[WhiteFideId "817570"]
[BlackFideId "24651516"]
[WhiteElo "2531"]
[BlackElo "2685"]
[Result "0-1"]
[Round "07"]
[TimeControl "180+1"]
[Date "2021.08.03"]
[WhiteClock "0:00:36"]
[BlackClock "0:01:02"]

1. e4 e6 2. d4 d5 3. Nc3 Nf6 4. Bg5 dxe4 5. Nxe4 Be7 6. Bxf6 gxf6 7. Nf3 f5 8. Nc3 a6 9. Qe2 b5 10. O-O-O b4 11. Na4 Qd5 12. c4 Qa5 13. Nc5 Nd7 14. Nb3 Qxa2 15. Kc2 Qa4 16. d5 Nc5 17. Nd4 Nxb3 18. Nxb3 Bf6 19. Ra1 Qd7 20. dxe6 fxe6 21. Qf3 Ra7 22. Bd3 O-O 23. Rhd1 Qg7 24. Qe3 c5 25. Ra2 a5 26. Nxc5 Bd4 27. Nxe6 b3+ 0-1


[Site "https://www.chess.com"]

[Event "Titled Tuesday Blitz August 3 2021"]
[White "Erdogdu, Mert"]
[Black "Ismagilov, Damir"]
[WhiteFideId "6301495"]
[BlackFideId "34199982"]
[WhiteElo "2485"]
[BlackElo "2075"]
[Result "0-1"]
[Round "07"]
[TimeControl "180+1"]
[Date "2021.08.03"]
[WhiteClock "0:00:01"]
[BlackClock "0:00:08"]

1. e4 c5 2. Nf3 d6 3. d4 cxd4 4. Nxd4 Nf6 5. Nc3 a6 6. Be3 e6 7. f3 h5 8. Qd2 Be7 9. O-O-O b5 10. h3 Bb7 11. Bd3 Nbd7 12. g4 g6 13. g5 Nh7 14. f4 Nc5 15. a3 e5 16. Nf3 Qc7 17. Kb1 exf4 18. Bxf4 Ne6 19. Nd5 Bxd5 20. exd5 Nxf4 21. Qxf4 O-O 22. h4 Rfe8 23. Nd4 Bf8 24. Nc6 Bg7 25. Rhe1 Nf8 26. Re4 Rxe4 27. Bxe4 Re8 28. Rf1 Be5 29. Qf3 Kg7 30. Bd3 Qd7 31. c3 Qc7 32. Ka2 Kg8 33. Re1 Nd7 34. Bc2 Nb6 35. Rf1 Nc4 36. Rf2 Bg7 37. Bb3 Ne5 38. Qg2 Nd3 39. Rd2 Nc1+ 40. Kb1 Nxb3 41. Re2 Qd7 42. Kc2 Nc5 43. Qf3 Qf5+ 44. Qxf5 Rxe2+ 45. Kd1 gxf5 46. Kxe2 Na4 47. Ne7+ Kh7 48. Nxf5 Be5 49. Kd3 Nxb2+ 50. Kc2 Nc4 51. Kb3 Kg6 52. Ne7+ Kg7 53. Nf5+ Kf8 54. a4 Nd2+ 55. Kc2 Ne4 56. axb5 axb5 57. Kd3 Nxc3 58. Ne3 b4 59. Kc4 Ne4 60. Kxb4 Bg3 61. Nf5 Be5 62. Kc4 Ng3 63. Ne3 Bf4 64. Ng2 Be5 65. Kd3 Kg7 66. Ne3 Kg6 67. Nc4 Nf5 68. Ke4 Bh2 69. Kf3 Nxh4+ 70. Kf2 Nf5 71. Kg2 Be5 72. Kh3 Kxg5 73. Nd2 Kf4 74. Nc4 Ne3 0-1


[Site "https://www.chess.com"]

[Event "Titled Tuesday Blitz August 3 2021"]
[White "Ezat, Mohamed"]
[Black "Pandey Srishti"]
[WhiteFideId "10600906"]
[BlackFideId "35093290"]
[WhiteElo "2414"]
[BlackElo "1816"]
[Result "1-0"]
[Round "07"]
[TimeControl "180+1"]
[Date "2021.08.03"]
[WhiteClock "0:01:30"]
[BlackClock "0:01:31"]

1. d4 d5 2. c4 c6 3. Nc3 Nf6 4. cxd5 cxd5 5. Bf4 Nc6 6. e3 a6 7. Bd3 Bg4 8. f3 Bh5 9. Qb3 Qc8 10. Na4 Nd7 11. Qxd5 Nb4 12. Qb3 e6 13. a3 Nxd3+ 14. Qxd3 Qc6 15. Nc3 Be7 16. Nge2 O-O 17. O-O Rfd8 18. Rac1 e5 19. Bg3 exd4 20. Nxd4 Qb6 21. Nd5 Nc5 22. Nxe7+ Kf8 23. Qxh7 Kxe7 24. Qxh5 Rac8 25. Nf5+ Kf8 26. Qh8# 1-0


[Site "https://www.chess.com"]

[Event "Titled Tuesday Blitz August 3 2021"]
[White "FGHSMN"]
[Black "Dang, Hoang Son"]
[BlackFideId "12402435"]
[WhiteElo "2524"]
[BlackElo "2248"]
[Result "1-0"]
[Round "07"]
[TimeControl "180+1"]
[Date "2021.08.03"]
[WhiteClock "0:00:13"]
[BlackClock "0:00:04"]

1. e4 g6 2. d4 Bg7 3. Nc3 a6 4. f4 d5 5. exd5 Nf6 6. Nf3 Nxd5 7. Nxd5 Qxd5 8. Bd3 O-O 9. c3 Bg4 10. O-O c5 11. Be2 Nc6 12. Be3 Rad8 13. dxc5 Qe4 14. Qc1 Rd5 15. Re1 Rfd8 16. h3 Bf5 17. Ng5 Qa4 18. b3 Qa5 19. b4 Qc7 20. Bc4 e5 21. Bxd5 Rxd5 22. Nf3 Rd3 23. fxe5 Nxe5 24. Nxe5 Bxe5 25. Bd4 Bxd4+ 26. cxd4 Rxh3 27. Re5 Rh4 28. Qg5 Rg4 29. Qf6 Qd7 30. Qd6 Qa4 31. Rae1 Kg7 32. Re8 Qxa2 33. Qf8+ Kf6 34. Qe7+ Kg7 35. Qe5+ Kh6 36. Qe3+ g5 37. Qh3+ Kg6 38. Qf3 h6 39. R8e5 Qc2 40. Rf1 Be6 41. Rxe6+ Kh5 42. Qxf7+ Kh4 43. Rxh6+ Kg3 44. Qf3# 1-0


[Site "https://www.chess.com"]